 Dungeon Crawl Stone Soup version 0.18-a0-867-gfd1cc8f (webtiles) character file.

529 M4edhros the Sneak (level 7, -1/43 HPs)
             Began as an Octopode Artificer on Dec 21, 2015.
             Succumbed to a worker ant's poison
             ... on level 5 of the Dungeon.
             The game lasted 00:07:05 (2919 turns).

M4edhros the Sneak (Octopode Artificer)             Turns: 2919, Time: 00:07:06

Health: -1/43      AC:  1    Str: 15    XL:     7   Next: 23%
Magic:  10/10      EV: 14    Int: 21    God:
Gold:   99         SH:  0    Dex: 12    Spells: 0 memorised, 6 levels left

rFire  . . .     SeeInvis .     q - +0 rapier (venom)
rCold  . . .     Gourm    .     (no shield)
rNeg   + . .     Faith    .     (helmet restricted)
rPois  .         Spirit   .     (no amulet)
rElec  .         Dismiss  .     i - +4 ring of strength
rCorr  .         Reflect  .     n - ring of positive energy
SustAt .         Harm     .     (no ring)
MR     .....                    (no ring)
Stlth  ++++......               (no ring)
                                (no ring)
                                (no ring)
                                (no ring)

@: brilliant, lethally poisoned (-1 -> -25), not resistant to hostile
enchantments, stealthy
A: almost no armour, amphibious, 8 rings, constrict 8, camouflage 1, blink,
sense surroundings 1, gelatinous body 1
a: Blink


You were on level 5 of the Dungeon.
You were very hungry.

You visited 1 branch of the dungeon, and saw 5 of its levels.
You also visited: Sewer.

You collected 134 gold pieces.
You spent 35 gold pieces at shops.

Inventory:

Hand Weapons
 a - a +0 short sword
 h - a +0 hunting sling
 k - a +3 spear
 q - a +0 rapier of venom (weapon)
Missiles
 g - 25 sling bullets
 r - 56 stones (quivered)
Armour
 m - the +1 troll leather armour of Xupsiups {rC+ Regen+}
   (You found it in a sewer)

   It protects you from cold.
   It increases your rate of regeneration.
Jewellery
 i - a +4 ring of strength (left tentacle)
 n - a ring of positive energy (right tentacle)
Wands
 b - a wand of flame (6/48)
 c - a wand of enslavement (11/24)
 d - a wand of random effects (12/48)
 o - a wand of magic darts (5/48)
Scrolls
 j - a scroll of recharging {unknown}
 l - 3 scrolls of teleportation
Potions
 e - 4 potions of flight
Comestibles
 f - a bread ration
 p - 4 fruits


   Skills:
 - Level 1.0 Fighting
 - Level 1.0 Short Blades
 * Level 2.0 Slings
 + Level 4.7 Dodging
 + Level 6.2 Stealth
 + Level 5.0 Evocations


You had 6 spell levels left.
You didn't know any spells.

Dungeon Overview and Level Annotations

Branches:
Dungeon (5/15)
 Temple: D:4-7

Altars:
Dithmenos
Makhleb
Pakellas
Vehumet
The Shining One

Shops:
D:4 *[?(

Annotations:
D:5 Blork the orc


Innate Abilities, Weirdness & Mutations

You cannot wear most types of armour.
You are amphibious.
You can wear up to eight rings at the same time.
You can use your tentacles to constrict eight enemies at once.
Your skin changes colour to match your surroundings (Stealth).
Your rubbery body absorbs attacks (AC +1).
You can translocate small distances at will.
You passively map a small area around you.


Message History

The puff of flame hits the worker ant.
The worker ant is heavily wounded.
This wand has 6 charges left.
You constrict the worker ant.
* * * LOW HITPOINT WARNING * * *
You feel sick. The worker ant closely misses you.
You completely miss the worker ant.
The worker ant is severely wounded.
You constrict the worker ant.
* * * LOW HITPOINT WARNING * * *
You feel sick. The worker ant bites you.
* * * LOW HITPOINT WARNING * * *
You are more poisoned.
The worker ant poisons you!
You hit the worker ant.
The worker ant is poisoned.
The worker ant is almost dead.
You constrict the worker ant.
You kill the worker ant!
Your Slings skill increases to level 2!
Your Evocations skill increases to level 5!
You die...

####### ########
*#.....###.....>#
,+.@...'........# *
* #=....###......#
#.....# #...[..#
#.....# ######.####
#.....# #...o...#
####### #.......# *
* #.......# , ,*
######## #.......#
. , *
#......#######'####


There were no monsters in sight!

Vanquished Creatures
  A scorpion (D:4)
  A crimson imp (D:5)
  A centaur skeleton (D:4)
  2 hounds (D:4)
  A giant frog skeleton (D:4)
  3 worker ants
  2 sirens (Sewer)
  A merfolk avatar (Sewer)
  2 adders (Sewer)
  A river rat (Sewer)
  A shadow imp (D:5)
  A worm (D:4)
  11 giant geckos
  An orc (D:4)
  5 giant cockroaches
  2 hobgoblins
  5 ball pythons
  7 giant newts
  2 goblin zombies (D:4)
  3 kobolds
  27 rats
80 creatures vanquished.

Vanquished Creatures (collateral kills)
  Eustachio (D:5)
1 creature vanquished.

Vanquished Creatures (others)
  A giant gecko (Sewer)
1 creature vanquished.

Grand Total: 82 creatures vanquished

Notes
Turn   | Place    | Note
--------------------------------------------------------------
     0 | D:1      | M4edhros the Octopode Artificer began the quest for the Orb.
     0 | D:1      | Reached XP level 1. HP: 13/13 MP: 3/3
     1 | D:1      | Noticed an electric eel
   332 | D:2      | Reached XP level 2. HP: 12/18 MP: 4/4
   578 | D:3      | Found a glowing drain.
   745 | Sewer    | Entered a sewer
   757 | Sewer    | Reached XP level 3. HP: 17/23 MP: 5/5
  1124 | Sewer    | Reached XP level 4. HP: 28/28 MP: 6/6
  1143 | Sewer    | Reached skill level 4 in Evocations
  1672 | Sewer    | Reached XP level 5. HP: 33/33 MP: 8/8
  1838 | Sewer    | Got a twisted troll leather armour
  2005 | D:4      | Noticed a centaur
  2021 | D:4      | Found Etoim's Antique Armour Shoppe.
  2031 | D:4      | Found Biczanie's General Store.
  2054 | D:4      | Bought a potion of mutation for 35 gold pieces
  2054 | D:4      | Gained mutation: You can translocate small distances at will. [potion of mutation]
  2054 | D:4      | Gained mutation: You passively map a small area around you. [potion of mutation]
  2056 | D:4      | Reached skill level 5 in Stealth
  2056 | D:4      | Reached XP level 6. HP: 19/38 MP: 9/9
  2204 | D:4      | Found Beiroc's Magic Scroll Boutique.
  2209 | D:4      | Found Qir Kig's Weapon Emporium.
  2521 | D:4      | Found a shadowy altar of Dithmenos.
  2663 | D:4      | Found a glowing golden altar of the Shining One.
  2727 | D:4      | Found an oddly glowing altar of Pakellas.
  2734 | D:4      | Reached skill level 1 in Slings
  2766 | D:5      | Entered Level 5 of the Dungeon
  2767 | D:5      | Identified the +1 troll leather armour of Xupsiups {rC+ Regen+} (You found it in a sewer)
  2840 | D:5      | Found a burning altar of Makhleb.
  2841 | D:5      | Found a radiant altar of Vehumet.
  2875 | D:5      | Noticed Eustachio
  2876 | D:5      | Noticed Blork the orc
  2896 | D:5      | Killed Eustachio
  2896 | D:5      | Reached skill level 6 in Stealth
  2896 | D:5      | Reached XP level 7. HP: 28/43 MP: 10/10
  2918 | D:5      | HP: 1/43 [worker ant (4)]
  2919 | D:5      | Reached skill level 5 in Evocations
  2919 | D:5      | Succumbed to a worker ant's poison

Vault maps used:
D:1:      arrival_aquarium_a
D:2:      uniq_natasha
D:3:      yredelemnul_altar_generic, gup_sewer_entry_pipe
D:4:      lemuel_coloured_pillars_altar, nicolae_tso_besieged_by_evil,
          serial_shops, nicolae_shop_trees, nicolae_shop_crystal, shop, shop,
          grunt_pakellas_mercury
D:5:      kennysheep_windowed_halls, grunt_temple_overflow_lords_of_destruction,
          minmay_temple_entry_purple_smoke, first_bread, uniq_blork_the_orc,
          uniq_eustachio
Sewer:    sewer_sea

Action                   |  1- 3 |  4- 6 |  7- 9 || total
-------------------------+-------+-------+-------++-------
Melee: Short sword       |    40 |       |       ||    40
       Spear             |     9 |   116 |       ||   125
       Rapier            |       |       |     4 ||     4
Evoke: Wand              |     1 |    14 |     1 ||    16
  Use: Potion            |       |     4 |       ||     4
       Scroll            |       |     3 |       ||     3
 Stab: Sleeping          |    16 |    19 |       ||    35
       Distracted        |       |     1 |       ||     1
  Eat: Chunk             |     1 |     4 |       ||     5
